 Dungeon Crawl Stone Soup version 0.27-a0-1065-ge809cff456 (webtiles) character file.

Game seed: 13835904436852037343

126 soylentgreeen202 the Sneak (level 5, -1/42 HPs)
             Began as a Naga Earth Elementalist on Apr 23, 2021.
             Slain by an iguana (11 damage)
             ... on level 4 of the Dungeon.
             The game lasted 00:33:03 (4596 turns).

soylentgreeen202 the Sneak (NaEE)                   Turns: 4596, Time: 00:33:06

Health: -1/42      AC:  6    Str: 10    XL:     5   Next: 10%
Magic:  5/8        EV:  8    Int: 22    God:
Gold:   29         SH:  0    Dex: 12    Spells: 5/8 levels left

rFire    . . .     SeeInvis +   n - +0 short sword
rCold    . . .     Faith    .   (no shield)
rNeg     . . .     Spirit   .   c - +0 robe
rPois    +         Reflect  .   (no helmet)
rElec    .         Harm     .   (no cloak)
rCorr    .         Rampage  .   (no gloves)
Will     .....                  m - +0 barding
Stlth    +++.......             (no amulet)
HPRegen  0.14/turn              u - +6 ring of intelligence
MPRegen  0.11/turn              (no ring)

@: brilliant, short of breath, very slow
A: AC +1, large, see invisible, deformed body, poison resistance, slowness 2,
spit poison 1, naga tail 1
a: Spit Poison


You were on level 4 of the Dungeon.
You visited 1 branch of the dungeon, and saw 5 of its levels.

You collected 77 gold pieces.
You spent 48 gold pieces at shops.

Inventory:

Hand Weapons
 j - a +1 antimagic dagger
 k - a +0 dagger
 n - a +0 short sword (weapon)
Missiles
 b - 128 stones (quivered)
Armour
 c - a +0 robe (worn)
 d - a +0 leather armour
 m - a +0 barding (worn)
Jewellery
 s - an amulet of guardian spirit
 u - a +6 ring of intelligence (left hand)
 v - a ring of ice
Scrolls
 e - 2 scrolls of enchant weapon {unknown}
 f - 2 scrolls of identify {unknown}
 i - 3 scrolls of magic mapping {unknown}
 l - a scroll of holy word {unknown}
 o - 2 scrolls of immolation {unknown}
 q - 2 scrolls of teleportation {unknown}
 r - a scroll of summoning {unknown}
 t - a scroll of torment {unknown}
Potions
 a - a potion of heal wounds {unknown}
 g - a potion of magic {unknown}
 h - 3 potions of brilliance
 p - a potion of flight {unknown}


   Skills:
 - Level 2.0 Short Blades
 - Level 2.0 Dodging
 - Level 6.0 Stealth
 - Level 2.0 Spellcasting
 - Level 2.0 Transmutations
 + Level 3.1 Earth Magic


You had 5 spell levels left.
You knew the following spells:

 Your Spells              Type           Power      Damage    Failure   Level
a - Sandblast             Erth           46%        2d11      3%          1
b - Passwall              Tmut/Erth      16%        N/A       8%          2

Your spell library contained the following spells:

 Spells                   Type           Power      Damage    Failure   Level
 Animate Skeleton         Necr           6%         N/A       14%         1
 Apportation              Tloc           6%         N/A       14%         1
 Corona                   Hex            3%         N/A       14%         1
 Magic Dart               Conj           12%        1d3       14%         1
 Summon Small Mammal      Summ           12%        N/A       14%         1
 Searing Ray              Conj           6%         3d3       21%         2
 Stone Arrow              Conj/Erth      26%        3d8       22%         3
 Dazzling Flash           Conj/Hex       6%         N/A       38%         3
 Petrify                  Tmut/Erth      20%        N/A       43%         4
 Lee's Rapid Deconstruct  Erth           11%        3d9*      71%         5
 Fulminant Prism          Conj/Hex       1%         3d6       80%         4
 Iskenderun's Mystic Bla  Conj/Tloc      3%         2d3       80%         4


Dungeon Overview and Level Annotations

Branches:
Dungeon (5/15)
 Temple: D:4-7

Altars:
Sif Muna

Shops:
D:1 *=**


Innate Abilities, Weirdness & Mutations

Your serpentine skin is tough. (AC +1)
You have supernaturally acute eyesight. (SInv)
Armour fits poorly on your strangely shaped body.
Your system is resistant to poisons. (rPois)
You cover ground very slowly.
You can spit poison.
You have a snake-like lower body.


Message History

Confirm with . or Enter, or press ? or * to list all spells.
Aiming: Passwall (safe; 8% risk of failure)
Press: ? - help, Dir - move target, p - iguana A rock wall.
This rock feels extremely deep.
The iguana bites you! The iguana barely misses you.
You enter the shallow water.
Moving in this stuff is going to be slow.
The iguana bites you but does no damage.
The iguana bites you.
Casting: Passwall (safe; 8% risk of failure)
Confirm with . or Enter, or press ? or * to list all spells.
Aiming: Passwall (safe; 8% risk of failure)
Press: ? - help, Dir - move target A rock wall.
The iguana barely misses you.
You begin to meditate on the wall.
You continue meditating on the rock.
The iguana bites you.
You continue meditating on the rock.
The iguana bites you!
* * * LOW HITPOINT WARNING * * *
You finish merging with the rock.
There is a stone staircase leading down here.
You feel clever all of a sudden.
Casting: Passwall (safe; 8% risk of failure)
Confirm with . or Enter, or press ? or * to list all spells.
Aiming: Sandblast (safe; 3% risk of failure)
Press: ? - help, Shift-Dir - straight line, f - iguana
Aim: an iguana (83% to hit)
You feel a surge of power!
The blast of sand hits the iguana.
The iguana is lightly wounded.
b - 128 stones
Okay, then.
Press: ? - help, Shift-Dir - straight line, f/p - iguana
Aim: an iguana (lightly wounded)
The splash of poison misses the iguana.
The splash of poison hits the plant.
The plant completely resists.
The iguana hisses menacingly.
The iguana bites you!
You die...

#...####.........#
#...# #....^..[.#
#.### #.........#
#.########<#####.#
.........#.# #.#
#.###....#.# #.#
..# #......# #.#
.## #.....## #.# .
#<...## #@# #
#....### #l# #
###....#####.# #
#...>.l.>..### #
#.###.###≈.≈≈# #
#.# #..≈PPP≈≈#
#######.#


#PP.PPP≈P# .....##.#P.PP≈♣≈≈PP# ###....PP.P♣≈≈≈PP≈.# You could see an iguana.

Vanquished Creatures
  A lemure (D:4)
  A scorpion (D:4)
  An adder (D:4)
  A worm (D:4)
  A dart slug (D:1)
  4 ball pythons
  4 bats
  4 endoplasms
  2 giant cockroaches (D:2)
  9 goblins
  5 hobgoblins
  2 jackals (D:2)
  3 quokkas
  2 frilled lizards (D:2)
  2 kobolds (D:3)
  6 rats
48 creatures vanquished.

Vanquished Creatures (others)
  21 plants (D:4)
21 creatures vanquished.

Grand Total: 69 creatures vanquished

Notes
Turn   | Place    | Note
-------+----------+-------------------------------------------
     0 | D:1      | soylentgreeen202 the Naga Earth Elementalist began the
                  | quest for the Orb.
     0 | D:1      | Reached XP level 1. HP: 15/15 MP: 3/3
   219 | D:1      | Found Acapt's General Store.
   290 | D:1      | Found Tullerik's General Store.
   310 | D:1      | Found a faded altar of an unknown god.
   374 | D:1      | Found Gupn's General Store.
   441 | D:1      | Found Borela's Jewellery Emporium.
   476 | D:1      | Reached XP level 2. HP: 22/22 MP: 3/5
   479 | D:1      | Learned a level 2 spell: Passwall
   941 | D:1      | Reached skill level 4 in Stealth
  1683 | D:2      | Reached XP level 3. HP: 28/28 MP: 6/6
  2021 | D:2      | Found a shimmering blue altar of Sif Muna.
  2445 | D:3      | Reached skill level 1 in Short Blades
  3563 | D:1      | Bought a potion of brilliance for 48 gold pieces
  3778 | D:4      | Noticed a scorpion
  3792 | D:4      | Killed a scorpion
  3793 | D:4      | Reached skill level 5 in Stealth
  3793 | D:4      | Reached XP level 4. HP: 16/36 MP: 0/7
  3793 | D:4      | Reached XP level 5. HP: 19/42 MP: 0/8
  4124 | D:4      | Reached skill level 6 in Stealth
  4139 | D:4      | Noticed a lemure
  4170 | D:4      | HP: 1/42 [lemure[Pikel] (6)]
  4171 | D:4      | Killed a lemure
  4575 | D:5      | Entered Level 5 of the Dungeon
  4596 | D:4      | Slain by an iguana

Illustrated notes

Levels and vault maps discovered:
D:1:      lemuel_arrival_lava_pool, layout_loops_corners,
          hellmonk_ecumenical_altar_heavens_door, serial_shops, shop_statue,
          nicolae_shop_behind_doors, shop, shop, minmay_misc_feat_columns,
          lemuel_flame_loot_1
D:2:      layout_loops_cross, basic_altar, minmay_misc_feat_diagonals
D:3:      layout_rooms, serial_forest, infiniplex_forest_lined_3,
          infiniplex_forest_clump_medium, infiniplex_forest_end_2,
          infiniplex_forest_corner_1, infiniplex_forest_end_3,
          infiniplex_forest_zigzag_2, infiniplex_forest_split,
          infiniplex_forest_clump_curved, minmay_distorted
D:4:      layout_rooms, serial_bayou, serial_bayou_pond_b, serial_bayou_pond_c,
          serial_bayou_lagoon_a, serial_bayou_shore_a,
          amcnicky_mini_corridor_feature, uniq_pikel
D:5:      layout_gridville, hangedman_decor_push, st_stairs_10,
          hangedman_decor_growths

Skill      XL: |  1  2  3  4  5 |
---------------+----------------+-----
Dodging        | 2 |  2.0
Stealth        | 4 5 6 |  6.0
Transmutations | 2 |  2.0
Short Blades   | 2 |  2.0
Spellcasting   | |  2.0
Earth Magic    | |  3.1

Action                   |  1- 3 |  4- 6 || total
-------------------------+-------+-------++-------
Melee: Dagger            |    56 |     1 ||    57
       Short sword       |       |    11 ||    11
Throw: Stone             |     7 |       ||     7
 Cast: Sandblast         |    44 |    13 ||    57
       Passwall          |       |     2 ||     2
 Abil: Spit Poison       |     3 |     2 ||     5
  Use: Potion            |       |     1 ||     1
 Stab: Sleeping          |     6 |       ||     6
Armor: Robe              |    12 |     7 ||    19
Dodge: Dodged            |    40 |     9 ||    49

Table legend: (Time is in decaauts)
 A = Elapsed time spent in this place.
 B = Non-inter-level travel time spent in this place.
 C = Inter-level travel time spent in this place.
 D = Time resting spent in this place.
 E = Time spent auto-exploring this place.
 F = Levels seen in this place.
 G = Mean time per level.
                   A        B        C        D        E       F      G
               +--------+--------+--------+--------+--------+-----+--------+
         Total |   5764 |   5109 |    655 |   1379 |   1427 |   5 | 1152.8 |
       Dungeon |   5764 |   5109 |    655 |   1379 |   1427 |   5 | 1152.8 |
               +--------+--------+--------+--------+--------+-----+--------+

Top non-repeatable levels by time:
     D:1: 1810 daAuts
     D:3: 1720 daAuts
     D:2: 1552 daAuts
     D:4: 679 daAuts
     D:5: 1 daAuts
